 Dungeon Crawl Stone Soup version 0.20.1-1-g8b1a95d (webtiles) character file.

427 keltmir the Changer (level 6, 0/47 HPs)
             Began as a Draconian Transmuter on Nov 3, 2017.
             Succumbed to pTCGFNYNwU3Fd6TS's ghost's poison
             ... on level 4 of the Dungeon.
             The game lasted 00:16:01 (4592 turns).

keltmir the Changer (Draconian Transmuter)          Turns: 4592, Time: 00:16:02

Health: 0/47       AC:  6    Str: 13    XL:     6   Next: 65%
Magic:  18/18      EV: 17    Int: 15    God:
Gold:   131        SH:  0    Dex: 16    Spells: 0/9 levels left

rFire    . . .     SeeInvis .     - Unarmed
rCold    . . .     Gourm    .   (no shield)
rNeg     . . .     Faith    .   (armour unavailable)
rPois    .         Spirit   .   (helmet restricted)
rElec    .         Reflect  .   (no cloak)
rCorr    .         Harm     .   (no gloves)
MR       .....                  (no boots)
Stlth    ++........             (no amulet)
Regen    0.2/turn               j - ring of magical power
MPRegen  0.2/turn               (no ring)

@: agile, lethally poisoned (0 -> -23), berserk cooldown, slowed, very slow
A: unfitting armour, cold-blooded, AC +6
a: no special abilities


You were on level 4 of the Dungeon.
You were very hungry.

You visited 1 branch of the dungeon, and saw 5 of its levels.

You collected 131 gold pieces.

Inventory:

Missiles
 a - 25 arrows
 l - 19 poisoned needles
Jewellery
 j - a ring of magical power (left hand)
Wands
 r - a wand of paralysis (11/24)
Scrolls
 d - a scroll of blinking {unknown}
 e - a scroll of enchant armour
 k - 2 scrolls of magic mapping
 m - 3 scrolls of remove curse
 n - a scroll of immolation
 p - 3 scrolls of recharging
Potions
 g - a potion of magic
 h - 3 potions of brilliance {unknown}
 i - 3 potions of lignification
 o - a potion of might
Books
 b - a book of Changes

   Spells                             Type                      Level
   a - Beastly Appendage              Transmutation                1
   b - Sticks to Snakes               Transmutation                2
   c - Spider Form                    Transmutation/Poison         3
   d - Ice Form                       Ice/Transmutation            4
   e - Blade Hands                    Transmutation                5
Comestibles
 c - 3 bread rations
 f - a fruit


   Skills:
 - Level 1.1 Fighting
 - Level 1.7 Dodging
 - Level 3.0 Unarmed Combat
 - Level 2.0 Spellcasting
 * Level 7.2 Transmutations


You couldn't memorise any spells.
You knew the following spells:

 Your Spells              Type           Power        Failure   Level  Hunger
a - Beastly Appendage     Tmut           ###...       1%          1    #......
b - Spider Form           Tmut/Pois      ##........   16%         3    ###....
c - Blade Hands           Tmut           ###.......   30%         5    ######.


Dungeon Overview and Level Annotations

Branches:
Dungeon (5/15)
 Temple: D:4-7

Altars:

Annotations:
D:5 pTCGFNYNwU3Fd6TS's ghost, novice SpEn


Innate Abilities, Weirdness & Mutations

Your plain brown scales are hard. (AC +6)
You cannot fit into any form of body armour.
You are cold-blooded and may be slowed by cold attacks.


Message History

You feel a strong urge to attack something.
You feel sick.
You are feeling very hungry.
You feel sick.
You feel your anger subside.
You feel sick.
You are no longer berserk.
You are exhausted.
You feel yourself slow down.
* * * LOW HITPOINT WARNING * * *
You feel sick.
* * * LOW HITPOINT WARNING * * *
You feel very sick.
* * * LOW HITPOINT WARNING * * *
You feel very sick.
* * * LOW HITPOINT WARNING * * *
You feel very sick.
It was a potion of agility.
You feel agile all of a sudden.
Your transformation has ended.
You die...

.... .... ... ######..
#.....# #.....# #.....#
#....@# ###.....# #....####
#....'..# #....#..#
#....#..# #....#..# ######
#....#..#
.....#####....#..#........#


There were no monsters in sight!

Vanquished Creatures
  A centaur (D:5)
  A scorpion (D:4)
  An orc wizard (D:4)
  2 orc priests
  Jessica (D:2)
  Natasha (D:2)
  A worker ant (D:4)
  3 adders
  An ooze (D:2)
  5 worms
  2 leopard geckos
  7 orcs
  2 ball pythons (D:2)
  3 giant cockroaches
  9 goblins
  10 hobgoblins
  5 jackals
  8 kobolds
  2 quokkas (D:3)
  A ball python skeleton (D:4)
  6 bats
  11 frilled lizards
  A quokka skeleton (D:4)
  10 rats
94 creatures vanquished.

Notes
Turn   | Place    | Note
-------+----------+-------------------------------------------
     0 | D:1      | keltmir the Draconian Transmuter began the quest for the Orb.
     0 | D:1      | Reached XP level 1. HP: 16/16 MP: 3/3
   518 | D:1      | Reached XP level 2. HP: 23/23 MP: 5/5
   586 | D:2      | Reached skill level 3 in Transmutations
   941 | D:2      | Noticed Jessica
   967 | D:2      | Killed Jessica
   967 | D:2      | Reached skill level 4 in Transmutations
   967 | D:2      | Reached XP level 3. HP: 23/28 MP: 4/6
  1001 | D:2      | Noticed Natasha
  1010 | D:2      | Killed Natasha
  1010 | D:2      | Reached XP level 4. HP: 34/35 MP: 5/7
  1041 | D:2      | Learned a level 3 spell: Spider Form
  1767 | D:2      | Reached skill level 5 in Transmutations
  2354 | D:2      | Reached XP level 5. HP: 25/40 MP: 3/8
  3214 | D:4      | Reached skill level 6 in Transmutations
  3935 | D:4      | Reached XP level 6. HP: 37/47 MP: 9/9
  4265 | D:5      | Entered Level 5 of the Dungeon
  4317 | D:5      | Reached skill level 7 in Transmutations
  4409 | D:5      | Noticed pTCGFNYNwU3Fd6TS's ghost (novice SpEn)
  4569 | D:4      | Learned a level 5 spell: Blade Hands
  4591 | D:4      | HP: 2/47 [poisoned by pTCGFNYNwU3Fd6TS's ghost]
  4592 | D:4      | Succumbed to pTCGFNYNwU3Fd6TS's ghost's poison

Skill      XL: |  1  2  3  4  5  6 |
---------------+-------------------+-----
Transmutations | 4 5 6 7 |  7.2
Fighting       | |  1.1
Dodging        | |  1.7
Unarmed Combat | |  3.0
Spellcasting   | |  2.0

Action                   |  1- 3 |  4- 6 || total
-------------------------+-------+-------++-------
Melee: Unarmed           |    81 |   232 ||   313
       Tailslap          |     2 |    11 ||    13
       Kick              |     4 |       ||     4
       Punch             |     1 |     1 ||     2
       Headbutt          |     1 |       ||     1
 Cast: Beastly Appendage |     4 |     2 ||     6
       Spider Form       |       |    28 ||    28
  Use: Scroll            |       |    11 ||    11
       Potion            |       |     2 ||     2
  Eat: Chunk             |       |    14 ||    14
       Fruit             |       |     1 ||     1
Armor: Skin              |    27 |    54 ||    81
Dodge: Dodged            |    48 |   169 ||   217
